 Dungeon Crawl Stone Soup version 0.28.0-45-g0d030f2227 (webtiles) character file.

Game seed: 4114936132204077399

130 protoss039 the Digger (level 5, -4/32 HPs)
             Began as a Gargoyle Earth Elementalist on May 10, 2022.
             Slain by a steam dragon (7 damage)
             ... on level 3 of the Dungeon.
             The game lasted 00:02:55 (2324 turns).

protoss039 the Digger (Gargoyle Earth Elementalist) Turns: 2324, Time: 00:02:56

Health: -4/32      AC:  9    Str: 11    XL:     5   Next: 13%
Magic:  3/9        EV: 10    Int: 18    God:
Gold:   68         SH:  5    Dex: 10    Spells: 3/9 levels left

rFire   . . .      SeeInvis .   e - +2 hand axe (vamp)
rCold   . . .      Faith    .   (no shield)
rNeg    + . .      Spirit   .   f - +0 ring mail
rPois   ∞          Reflect  +   (no helmet)
rElec   +          Harm     .   (no cloak)
rCorr   .          Rampage  .   (no gloves)
Will    .....                   (no boots)
Stlth   +.........              h - amulet of reflection
HPRegen 0.10/turn               (no ring)
MPRegen 0.11/turn               (no ring)

@: no status effects
A: sickness immunity, AC +4, negative energy resistance 1, electricity
resistance, torment resistance 1, petrification resistance
a: no special abilities


You were on level 3 of the Dungeon.
You visited 1 branch of the dungeon, and saw 3 of its levels.

You collected 68 gold pieces.

Inventory:

Hand Weapons
 d - a +0 spear
 e - a +2 vampiric hand axe (weapon)
Missiles
 c - 10 stones
Armour
 b - a +0 robe
 f - a +0 ring mail (worn)
Jewellery
 h - an amulet of reflection (around neck)
Scrolls
 g - a scroll of noise {unknown}
 j - a scroll of immolation {unknown}
Potions
 a - a potion of curing {unknown}
 i - a potion of heal wounds {unknown}


   Skills:
 * Level 3.0 Fighting
 + Level 1.8 Armour
 - Level 1.5 Dodging
 - Level 2.1 Stealth
 + Level 2.8 Spellcasting
 - Level 1.0 Transmutations
 + Level 4.3 Earth Magic


You had 3 spell levels left.
You knew the following spells:

 Your Spells              Type           Power      Damage    Failure   Level
a - Sandblast             Erth           36%        2d10      7%          1
b - Passwall              Tmut/Erth      10%        N/A       21%         2
c - Stone Arrow           Conj/Erth      20%        3d8       43%         3

Your spell library contained the following spells:

 Spells                   Type           Power      Damage    Failure   Level
 Petrify                  Tmut/Erth      12%        N/A       78%         4


Dungeon Overview and Level Annotations

Branches:
Dungeon (3/15)

Altars:


Innate Abilities, Weirdness & Mutations

You are immune to sickness and miasma.
Your stone body is resilient. (AC +4)
You are immune to poison.
You resist negative energy. (rN+)
You are resistant to electric shocks. (rElec)
You are resistant to unholy torment.
You are immune to petrification.


Message History

The steam dragon is moderately wounded.
The steam dragon bites you.
* * * LOW HITPOINT WARNING * * *
The steam dragon barely misses you.
Unknown command.
Casting: Sandblast (safe; 7% risk of failure)
Confirm with . or Enter, or press ? or * to list all spells.
Aiming: Sandblast (safe; 7% risk of failure)
Press: ? - help, Shift-Dir - straight line, f/p - steam dragon
Aim: a steam dragon (moderately wounded, 79% to hit)
The blast of sand hits the steam dragon but does no damage.
The steam dragon is moderately wounded.
The steam dragon bites you but does no damage.
You block the steam dragon's attack.
Unknown command.
Casting: Sandblast (safe; 7% risk of failure)
Confirm with . or Enter, or press ? or * to list all spells.
Aiming: Sandblast (safe; 7% risk of failure)
Press: ? - help, Shift-Dir - straight line, f/p - steam dragon
Aim: a steam dragon (moderately wounded, 79% to hit)
The blast of sand hits the steam dragon.
The steam dragon is moderately wounded.
The steam dragon bites you but does no damage.
The steam dragon claws you but does no damage.
Unknown command.
You hit the steam dragon.
You feel better.
The steam dragon is heavily wounded.
The steam dragon barely misses you.
The steam dragon claws you but does no damage.
The steam dragon barely misses you. The steam dragon misses you.
Unknown command.
Unknown command.
Casting: Sandblast (safe; 7% risk of failure)
Confirm with . or Enter, or press ? or * to list all spells.
Aiming: Sandblast (safe; 7% risk of failure)
Press: ? - help, Shift-Dir - straight line, f/p - steam dragon
Aim: a steam dragon (heavily wounded, 79% to hit)
The blast of sand misses the steam dragon.
The steam dragon bites you!
You die...

. .# .##.# ..#.#
##... #... #..#
#..# #####D@#
#......# #>####.#
###†# #.# #...#
#.# ..
##.######.###.#
#..###........#
#...<............
######........###


You could see a steam dragon.

Vanquished Creatures
  A hound (D:2)
  A gnoll (D:1)
  4 adders (D:2)
  4 worms
  2 dart slugs (D:1)
  7 bats
  6 endoplasms
  A giant cockroach (D:2)
  2 goblins (D:1)
  3 jackals
  2 kobolds (D:2)
  A quokka (D:1)
  4 ball pythons
  2 frilled lizards (D:1)
  2 rats
42 creatures vanquished.

Vanquished Creatures (others)
  An endoplasm (D:3)
  A rat (D:3)
2 creatures vanquished.

Grand Total: 44 creatures vanquished

Notes
Turn   | Place    | Note
-------+----------+-------------------------------------------
     0 | D:1      | protoss039 the Gargoyle Earth Elementalist began the quest
                  | for the Orb.
     0 | D:1      | Reached XP level 1. HP: 10/10 MP: 3/3
    74 | D:1      | Reached skill level 1 in Transmutations
   434 | D:1      | Reached skill level 1 in Fighting
   434 | D:1      | Reached XP level 2. HP: 8/16 MP: 0/5
   824 | D:1      | Reached XP level 3. HP: 20/20 MP: 6/6
   928 | D:1      | Reached skill level 1 in Armour
  1377 | D:2      | Reached skill level 4 in Earth Magic
  1400 | D:2      | Learned a level 2 spell: Passwall
  1404 | D:2      | Learned a level 3 spell: Stone Arrow
  1491 | D:2      | Reached XP level 4. HP: 26/26 MP: 7/7
  2182 | D:2      | Reached XP level 5. HP: 22/32 MP: 9/9
  2295 | D:3      | Noticed a steam dragon
  2324 | D:3      | Slain by a steam dragon

Illustrated notes

Levels and vault maps discovered:
D:1:      dpeg_arrival_fog, layout_loops_ring, grunt_decor_arrowhead
D:2:      layout_basic, nicolae_figureground_sparkle
D:3:      layout_rooms, mainiacjoe_overflow_alcove_4,
          mainiacjoe_overflow_chevrons, lemuel_flame_loot_1,
          uniq_crazy_yiuf_cottage

Skill      XL: |  1  2  3  4  5 |
---------------+----------------+-----
Transmutations | 1 |  1.0
Fighting       | 1 2 3 |  3.0
Armour         | 1 |  1.8
Earth Magic    | 4 |  4.3
Dodging        | |  1.5
Stealth        | |  2.1
Spellcasting   | |  2.8

Action                   |  1- 3 |  4- 6 || total
-------------------------+-------+-------++-------
Melee: Unarmed           |     6 |       ||     6
       Spear             |    12 |       ||    12
       Hand axe          |    34 |    79 ||   113
       Punch             |       |     2 ||     2
 Cast: Sandblast         |    13 |     7 ||    20
 Stab: Sleeping          |     3 |       ||     3
Armor: Robe              |    24 |       ||    24
       Ring mail         |     9 |    50 ||    59
Dodge: Dodged            |    64 |    47 ||   111
Block: Other             |       |    25 ||    25
